 Dungeon Crawl Stone Soup version 0.30-a0-218-gedb9141078 (webtiles) character file.

Game seed: 9192317704791113280

73 LnG the Caller (level 4, 0/24 HPs)
             Began as a Kobold Summoner on Oct 5, 2022.
             Succumbed to a scorpion's poison
             ... on level 4 of the Dungeon.
             The game lasted 00:06:58 (2861 turns).

LnG the Caller (Kobold Summoner)                    Turns: 2861, Time: 00:06:58

Health: 0/24       AC:  4    Str:  2 (5)  XL:     4   Next: 51%
Magic:  1/7        EV: 15    Int: 17 (18) God:
Gold:   106        SH:  0    Dex: 14 (15) Spells: 2/8 levels left

rFire   . . .      SeeInvis .    g - +0 dagger (freeze)
rCold   . . .      Faith    .    (no shield)
rNeg    . . .      Spirit   .    a - +1 robe
rPois   .          Reflect  .    q - +0 helmet
rElec   .          Harm     .    (no cloak)
rCorr   .          Rampage  .    (no gloves)
Will    .....                    (no boots)
Stlth   ++++......               (no amulet)
HPRegen 0.24/turn                (no ring)
MPRegen 0.10/turn                (no ring)

@: lethally poisoned (0 -> -4), attractive
A: small, no large weapons, nightstalker 3, screaming 1
a: no special abilities


You were on level 4 of the Dungeon.
You visited 1 branch of the dungeon, and saw 4 of its levels.

You collected 106 gold pieces.

Inventory:

Hand Weapons
 g - a +0 dagger of freezing (weapon)
Armour
 a - a +1 robe (worn)
 q - a +0 helmet (worn)
Scrolls
 f - a scroll of noise {unknown}
 i - 2 scrolls of magic mapping
 j - a scroll of enchant weapon {unknown}
 k - a scroll of identify {unknown}
 n - a scroll of immolation {unknown}
 o - a scroll of silence {unknown}
 p - a scroll of fog {unknown}
Potions
 d - a potion of mutation
 h - a potion of degeneration
 l - a potion of haste {unknown}
 m - 2 potions of cancellation {unknown}


   Skills:
 + Level 0.2 Fighting
 + Level 1.6 Short Blades
 + Level 3.0 Dodging
 * Level 4.2 Stealth
 + Level 2.5 Spellcasting
 + Level 4.4 Summonings


You had 2 spell levels left.
You knew the following spells:

 Your Spells              Type           Power      Damage    Failure   Level
a - Summon Small Mammal   Summ           68%        N/A       3%          1
b - Call Imp              Summ           17%        N/A       4%          2
c - Call Canine Familiar  Summ           17%        N/A       9%          3

Your spell library contained the following spells:

 Spells                   Type           Power      Damage    Failure   Level
 Kiss of Death            Conj/Necr      8%         2d6       19%         1
 Ensorcelled Hibernation  Hex/Ice        4%         N/A       28%         2
 Passwall                 Tmut/Erth      1%         N/A       28%         2
 Summon Guardian Golem    Hex/Summ       9%         N/A       22%         3
 Confusing Touch          Hex            2%         N/A       50%         3
 Hailstorm                Conj/Ice       2%         3d3       50%         3
 Swiftness                Air            2%         N/A       50%         3
 Summon Lightning Spire   Summ/Air       9%         N/A       58%         4
 Dispel Undead            Necr           2%         3d7       88%         4
 Ice Form                 Ice/Tmut       2%         N/A       88%         4
 Simulacrum               Ice/Necr       1%         N/A       100%        6


Dungeon Overview and Level Annotations

Branches:
Dungeon (4/15)
 Temple: D:4-7

Altars:
Vehumet

Annotations:
D:3 exclusion: statue, Sigmund


Innate Abilities, Weirdness & Mutations

You are small and have problems with some larger weapons.
You are completely attuned to the shadows.
You occasionally shout uncontrollably at your foes.


Message History

Your crimson imp closely misses the giant cockroach.
The giant cockroach closely misses you.
Your crimson imp blinks!
The giant cockroach attacks as you move away!
The giant cockroach barely misses you.
The giant cockroach bites you but does no damage.
The giant cockroach attacks as you move away!
The giant cockroach bites you but does no damage.
The giant cockroach misses you.
There is an open door here.
Casting: Summon Small Mammal (safe; 2% risk of failure)
Confirm with . or Enter, or press ? or * to list all spells.
A beastly little devil appears in a puff of frigid air.
The scorpion stings you. The scorpion attacks as you move away!
The scorpion stings you.
* * * LOW HITPOINT WARNING * * *
You closely miss the scorpion.
The scorpion is moderately wounded.
The scorpion misses you.
You hit the scorpion. You freeze the scorpion.
The scorpion is heavily wounded.
Your white imp completely misses the scorpion.
The scorpion stings you.
* * * LOW HITPOINT WARNING * * *
You are lethally poisoned!
The scorpion poisons you!
The giant cockroach bites your white imp but does no damage.
It was a potion of degeneration.
There was something very wrong with that liquid.
You feel weakened.
You feel dopey.
You feel clumsy.
* * * LOW HITPOINT WARNING * * *
You feel sick.
The scorpion stings you but does no damage.
The giant cockroach bites your white imp but does no damage.
Your white imp hits the giant cockroach but does no damage.
The giant cockroach bites your white imp but does no damage.
The scorpion stings you but does no damage.
It was a potion of attraction.
You feel attractive to monsters.
You die...

,,,,,,,......##+####**********+**
*******#####.......,* *,,,,,, *
#....(..,* *,,,,,, * #.......,*
*,,,,,, * #.......,* *,,,,,, *
#####.......,#######,,,,,, *
#.....#'######..##.####### *
#.....#Bs................# *
#.....#.5@...............# *
#.....#..................# *
#.....#..................# *
#.....#...........<......# *
#.....#..................# *
#.....#################### *
####### *


You could see a scorpion, a giant cockroach (ally target) and a friendly white
imp (summoned).

Vanquished Creatures
  An adder (D:2)
  A dart slug (D:2)
  4 endoplasms
  4 giant cockroaches
  7 goblins
  4 hobgoblins
  A jackal (D:2)
  6 kobolds
  2 quokkas (D:1)
  2 ball pythons (D:1)
  A bat (D:2)
  3 rats
36 creatures vanquished.

Vanquished Creatures (collateral kills)
  A worm (D:3)
  A giant cockroach (D:1)
  A goblin (D:1)
  A hobgoblin (D:1)
  3 jackals
  2 quokkas
  3 ball pythons
  2 bats (D:3)
  A frilled lizard (D:1)
  A kobold (D:3)
16 creatures vanquished.

Grand Total: 52 creatures vanquished

Notes
Turn   | Place    | Note
-------+----------+-------------------------------------------
     0 | D:1      | LnG the Kobold Summoner began the quest for the Orb.
     0 | D:1      | Reached XP level 1. HP: 10/10 MP: 3/3
   242 | D:1      | Reached XP level 2. HP: 15/15 MP: 1/5
   249 | D:1      | Learned a level 2 spell: Call Imp
   808 | D:1      | Reached XP level 3. HP: 18/19 MP: 6/6
  1569 | D:2      | Reached skill level 1 in Short Blades
  1840 | D:2      | Reached XP level 4. HP: 23/24 MP: 7/7
  1877 | D:2      | Learned a level 3 spell: Call Canine Familiar
  2581 | D:3      | Found a radiant altar of Vehumet.
  2583 | D:3      | Noticed a frost-covered statue
  2756 | D:3      | Noticed Sigmund
  2827 | D:4      | Noticed a scorpion
  2834 | D:4      | Gained mutation: You occasionally shout uncontrollably at
                  | your foes. [potion of mutation]
  2860 | D:4      | HP: 1/24 [poisoned by a scorpion]
  2861 | D:4      | Succumbed to a scorpion's poison

Illustrated notes

Levels and vault maps discovered:
D:1:      erik_arrival_blinker_ship, layout_loops_ring, serial_rivers,
          chequers_serial_rivers_room_b, chequers_serial_rivers_micro_b,
          chequers_serial_rivers_micro_a, chequers_serial_rivers_small_3,
          chequers_serial_rivers_large_b, chequers_serial_rivers_large_a,
          fountainhead, serial_park_tiny_pond
D:2:      layout_loops_ring
D:3:      layout_loops_ring, vehumet_statue,
          mainiacjoe_overflow_surrounded_room, gammafunk_ghost_icy, uniq_sigmund
D:4:      layout_gridville, lemuel_round_altar, mainiacjoe_overflow_catwalk

Skill      XL: |  1  2  3  4 |
---------------+-------------+-----
Stealth        | 3 4 |  4.2
Dodging        | 3 |  3.0
Short Blades   | 1 |  1.6
Fighting       | |  0.2
Spellcasting   | |  2.5
Summonings     | |  4.4

Action                   |  1- 3 |  4- 6 || total
-------------------------+-------+-------++-------
Melee: Unarmed           |    13 |       ||    13
       Dagger            |    96 |    36 ||   132
       Punch             |     1 |       ||     1
 Cast: Summon Small Mamm |    11 |     2 ||    13
       Call Imp          |     3 |     3 ||     6
       Call Canine Famil |       |     2 ||     2
  Use: Potion            |       |     4 ||     4
       Scroll            |       |     2 ||     2
 Stab: Sleeping          |     8 |     5 ||    13
       Distracted        |     1 |       ||     1
Armor: Robe              |     9 |    17 ||    26
Dodge: Dodged            |    90 |    33 ||   123

Table legend: (Time is in decaauts)
 A = Elapsed time spent in this place.
 B = Non-inter-level travel time spent in this place.
 C = Inter-level travel time spent in this place.
 D = Time resting spent in this place.
 E = Time spent auto-exploring this place.
 F = Levels seen in this place.
 G = Mean time per level.
                   A        B        C        D        E       F      G
               +--------+--------+--------+--------+--------+-----+--------+
         Total |   2935 |   2835 |    100 |      0 |   2372 |   4 |  733.8 |
       Dungeon |   2935 |   2835 |    100 |      0 |   2372 |   4 |  733.8 |
               +--------+--------+--------+--------+--------+-----+--------+

Top non-repeatable levels by time:
     D:1: 1558 daAuts
     D:2: 882 daAuts
     D:3: 393 daAuts
     D:4: 101 daAuts
